 Dungeon Crawl Stone Soup version 0.29-a0-802-g34511f41fd (webtiles) character file.

Game seed: 5247413337411353084

21045 HoaS the Marksgargoyle (level 12, -7/72 HPs)
             Began as a Gargoyle Hunter on July 3, 2022.
             Was an Elder of Makhleb.
             Mangled by a cane toad (16 damage)
             ... on level 4 of the Lair of Beasts.
             The game lasted 00:22:41 (11332 turns).

HoaS the Marksgargoyle (Gargoyle Hunter)           Turns: 11332, Time: 00:22:42

Health: -7/72      AC: 23    Str: 17    XL:     12   Next: 85%
Magic:  12/12      EV: 19    Int:  9    God:    Makhleb [****..]
Gold:   753        SH:  0    Dex: 17    Spells: 11/11 levels left

rFire   . . .      SeeInvis .   u - +0 arbalest (venom)
rCold   . . .      Faith    .   (shield currently unavailable)
rNeg    + . .      Spirit   .   a - +0 acid dragon scales
rPois   ∞          Reflect  .   (no helmet)
rElec   +          Harm     .   w - +0 cloak
rCorr   +          Rampage  .   c - +0 pair of gloves
Will    .....                   n - +2 pair of boots
Stlth   ++........              o - amulet of the acrobat
HPRegen 0.22/turn               E - +4 ring of evasion
MPRegen 0.13/turn               z - +4 ring of protection

@: mighty
A: sickness immunity, AC +8, negative energy resistance 1, electricity
resistance, torment resistance 1, petrification resistance
a: Renounce Religion, Minor Destruction, Lesser Servant of Makhleb, Major
Destruction


You were on level 4 of the Lair of Beasts.
You worshipped Makhleb.
Makhleb was greatly pleased with you.
You visited 3 branches of the dungeon, and saw 14 of its levels.

You collected 753 gold pieces.

Inventory:

Hand Weapons
 u - a +0 arbalest of venom (weapon)
Missiles
 g - 7 throwing nets
Armour
 a - +0 acid dragon scales (worn)
 c - a +0 pair of gloves (worn)
 n - a +2 pair of boots (worn)
 w - a +0 cloak (worn)
Jewellery
 f - a +6 ring of dexterity
 o - an amulet of the acrobat (around neck)
 v - a ring of flight
 z - a +4 ring of protection (right hand)
 E - a +4 ring of evasion (left hand)
Wands
 e - a wand of quicksilver (1)
 s - a wand of iceblast (10)
 B - a wand of flame (13)
 C - a wand of mindburst (4)
Scrolls
 b - 4 scrolls of immolation
 i - 6 scrolls of teleportation
 q - 4 scrolls of fog
 r - 2 scrolls of brand weapon
 y - 2 scrolls of fear
 A - a scroll of blinking
Potions
 d - 5 potions of curing
 j - 5 potions of lignification
 k - a potion of brilliance {unknown}
 l - a potion of might
 m - 2 potions of flight
 p - 2 potions of mutation
 t - a potion of cancellation {unknown}
 x - 2 potions of ambrosia
 D - a potion of resistance {unknown}


   Skills:
 + Level 7.4 Fighting
 - Level 18.0 Ranged Weapons
 * Level 7.8 Dodging
 - Level 1.1 Stealth


You had 11 spell levels left.
You didn't know any spells.
Your spell library contained the following spells:

 Spells                   Type           Power      Damage    Failure   Level
 Magic Dart               Conj           0%         1d3       50%         1
 Necrotise                Necr           0%         1d4       50%         1
 Searing Ray              Conj           0%         2d4       63%         2
 Fulminant Prism          Conj/Hex       0%         3d6       99%         4
 Passage of Golubria      Tloc           0%         N/A       99%         4
 Silence                  Hex/Air        0%         N/A       100%        5
 Dispersal                Tloc           0%         N/A       100%        6
 Disjunction              Tloc           0%         N/A       100%        8
 Lehudib's Crystal Spear  Conj/Erth      0%         10d2      100%        8


Dungeon Overview and Level Annotations

Branches:
Dungeon (9/15)             Temple (1/1) D:6            Lair (4/6) D:9
 Shoals (0/4) Lair:2       Spider (0/4) Lair:4          Orc (0/2) D:9

Altars:
Ashenzari
Cheibriados
Dithmenos
Elyvilon
Fedhas
Gozag
Hepliaklqana
Kikubaaqudgha
Makhleb
Nemelex Xobeh
Okawaru
Qazlal
Ru
Sif Muna
Trog
Uskayaw
Vehumet
Xom
Yredelemnul
Zin
The Shining One

Shops:
D:3 *   D:6 (   D:9 :

Annotations:
D:6 1 runed translucent door, Peppero's ghost, novice DEAE
Lair:4 Rupert


Innate Abilities, Weirdness & Mutations

You are immune to sickness and miasma.
Your stone body is resilient. (AC +8)
You are immune to poison.
You resist negative energy. (rN+)
You are resistant to electric shocks. (rElec)
You are resistant to unholy torment.
You are immune to petrification.


Message History

Found a twisted glowing staff and a glowing barding.
A cane toad is nearby!
You are too injured to fight recklessly!
Fire: u) +0 arbalest (venom)
Press: ? - help, Q - select action, (/) - cycle Shift-Dir - straight line, f - cane toad
Aim: a cane toad (asleep, 98% to hit)
You shoot a bolt. The bolt hits the cane toad!
The cane toad croaks.
The cane toad is moderately wounded.
Fire: u) +0 arbalest (venom)
Press: ? - help, Q - select action, (/) - cycle Shift-Dir - straight line, f/p - cane toad
Aim: a cane toad (moderately wounded, 71% to hit)
You shoot a bolt. The bolt hits the cane toad!
The cane toad is heavily wounded.
You hear a shout!
Fire: u) +0 arbalest (venom)
Press: ? - help, Q - select action, (/) - cycle Shift-Dir - straight line, f/p - cane toad
Aim: a cane toad (heavily wounded, 71% to hit)
You shoot a bolt. The bolt hits the cane toad!
The cane toad is severely wounded.
Fire: u) +0 arbalest (venom)
Press: ? - help, Q - select action, (/) - cycle Shift-Dir - straight line, f/p - cane toad
Aim: a cane toad (severely wounded, 71% to hit)
You shoot a bolt. The bolt barely misses the cane toad.
Fire: u) +0 arbalest (venom)
Press: ? - help, Q - select action, (/) - cycle Shift-Dir - straight line, f/p - cane toad
Aim: a cane toad (severely wounded, 71% to hit)
You shoot a bolt.
The bolt completely misses the cane toad.
The cane toad misses you.
You hear a shout!
The cane toad closely misses you.
Fire: u) +0 arbalest (venom)
Press: ? - help, Q - select action, (/) - cycle Shift-Dir - straight line, f/p - cane toad
Aim: a cane toad (severely wounded, 71% to hit)
You shoot a bolt. The bolt hits the cane toad.
The cane toad is poisoned.
The cane toad is almost dead.
You hear a shout!
The cane toad stings you!
You die...

# ###### ### ###
###.#..# ####.P##..###
...#...###...........##
........###...........##
........##|.....@......#
..##..######..P.F.#.....
#####.# ###...## ...
####### ##..P . ...###
.... ...#.# .....#
....## [..... ...##
##..#.. #### ####


You could see a cane toad (very poisoned).

Vanquished Creatures
  A boulder beetle (Lair:4)
  Pikel (D:7)
  A wolf spider (Lair:2)
  5 elephants
  8 cane toads
  8 komodo dragons
  A polar bear (Lair:2)
  8 blink frogs
  2 jumping spiders (Lair:4)
  19 yaks
  4 basilisks
  3 culicivoras (Lair:4)
  3 wyverns
  3 fire bats (Lair:3)
  2 redbacks (Lair:4)
  2 steam dragons
  Menkaure (D:7)
  2 acid dragons
  8 water moccasins
  2 ice beasts (D:7)
  3 orc warriors
  A black bear (D:8)
  17 wolves
  3 ogres
  2 centaurs
  3 lemures (D:7)
  A phantom (D:7)
  2 kobold brigands
  11 bullfrogs
  2 necrophages (D:6)
  3 scorpions
  3 wights (D:9)
  6 killer bees (D:9)
  6 electric eels (D:8)
  2 howler monkeys
  2 hounds
  A jelly (D:5)
  Crazy Yiuf (D:7)
  A gnoll bouda (D:5)
  6 orc priests
  6 iguanas
  11 orc wizards
  12 adders
  10 gnolls
  A shadow imp (D:7)
  2 white imps
  An ufetubus (D:7)
  A worm (D:2)
  A dart slug (D:5)
  29 orcs
  2 endoplasms
  6 giant cockroaches
  8 goblins
  9 hobgoblins
  2 jackals (D:1)
  4 quokkas
  9 ball pythons
  5 bats
  2 frilled lizards
  10 kobolds
  5 rats
296 creatures vanquished.

Vanquished Creatures (others)
  An orc (D:9)
  11 fungi
  18 plants
  2 withered plants (D:6)
32 creatures vanquished.

Grand Total: 328 creatures vanquished

Notes
Turn   | Place    | Note
-------+----------+-------------------------------------------
     0 | D:1      | HoaS the Gargoyle Hunter began the quest for the Orb.
     0 | D:1      | Reached XP level 1. HP: 12/12 MP: 1/1
   209 | D:1      | Reached XP level 2. HP: 17/17 MP: 2/2
   618 | D:1      | Reached XP level 3. HP: 21/21 MP: 3/3
   626 | D:1      | Found a faded altar of an unknown god.
   647 | D:1      | Reached skill level 5 in Ranged Weapons
   853 | D:2      | Reached XP level 4. HP: 18/26 MP: 4/4
  1237 | D:2      | Reached skill level 6 in Ranged Weapons
  1243 | D:2      | Reached XP level 5. HP: 29/30 MP: 5/5
  1566 | D:3      | Found Xefeebb's Assorted Antiques.
  2179 | D:4      | Reached skill level 7 in Ranged Weapons
  2455 | D:4      | Identified the +1 robe of Duvvalaf {Will- Str+4 Dex+4
                  | Archmagi}
  2486 | D:5      | Entered Level 5 of the Dungeon
  2494 | D:4      | Reached XP level 6. HP: 30/35 MP: 6/6
  2876 | D:5      | Reached skill level 8 in Ranged Weapons
  2885 | D:5      | Reached XP level 7. HP: 40/40 MP: 7/7
  3105 | D:5      | Identified the +4 ring mail of Behimuwa {rElec Regen+
                  | Slay-5}
  3318 | D:6      | Reached skill level 9 in Ranged Weapons
  3687 | D:6      | Reached XP level 8. HP: 40/44 MP: 8/8
  3715 | D:6      | Found a runed translucent door.
  3715 | D:6      | Noticed Peppero's ghost (novice DEAE)
  3721 | D:6      | Found an ancient bone altar of Kikubaaqudgha.
  3730 | D:6      | Found a shimmering blue altar of Sif Muna.
  3733 | D:6      | Found a radiant altar of Vehumet.
  3736 | D:6      | Got Kikubaaqudgha's Tome of Evil Arts
  3794 | D:6      | Reached skill level 10 in Ranged Weapons
  4007 | D:6      | Found a staircase to the Ecumenical Temple.
  4021 | Temple   | Entered the Ecumenical Temple
  4067 | Temple   | Became a worshipper of Makhleb the Destroyer
  4263 | D:6      | Found Biyr's Weapon Boutique.
  4558 | D:7      | Reached skill level 11 in Ranged Weapons
  4581 | D:7      | Noticed Menkaure
  4583 | D:7      | Killed Menkaure
  4631 | D:7      | Reached XP level 9. HP: 48/48 MP: 9/9
  4694 | D:7      | Reached skill level 12 in Ranged Weapons
  4978 | D:7      | Reached * piety under Makhleb
  5164 | D:7      | Noticed Pikel
  5176 | D:7      | Killed Pikel
  5177 | D:7      | Reached skill level 13 in Ranged Weapons
  5507 | D:7      | Found a runed translucent door.
  5508 | D:7      | Noticed Crazy Yiuf
  5512 | D:7      | Killed Crazy Yiuf
  5915 | D:8      | Reached skill level 14 in Ranged Weapons
  5995 | D:8      | Reached XP level 10. HP: 53/53 MP: 10/10
  6478 | D:8      | Reached skill level 15 in Ranged Weapons
  6547 | D:8      | Reached ** piety under Makhleb
  6805 | D:9      | Reached skill level 16 in Ranged Weapons
  7122 | D:9      | Found a staircase to the Lair.
  7165 | D:9      | Found Umosh's Book Shoppe.
  7251 | D:9      | Found a staircase to the Orcish Mines.
  7266 | D:9      | Found a large runed translucent door.
  7271 | D:9      | Found a large runed translucent door.
  7275 | D:9      | Reached XP level 11. HP: 57/57 MP: 11/11
  7329 | D:9      | Found a glowing golden altar of the Shining One.
  7623 | D:9      | Found a broken altar of Ashenzari.
  7636 | D:9      | Found a snail-covered altar of Cheibriados.
  7732 | Lair:1   | Entered Level 1 of the Lair of Beasts
  7873 | Lair:1   | Reached skill level 17 in Ranged Weapons
  8837 | Lair:2   | Noticed a wolf spider
  8843 | Lair:2   | Killed a wolf spider
  9067 | Lair:2   | Found a staircase to the Shoals.
  9072 | Lair:2   | Reached *** piety under Makhleb
  9073 | Lair:2   | Reached skill level 18 in Ranged Weapons
 10088 | Lair:3   | Reached XP level 12. HP: 66/66 MP: 12/12
 10161 | Lair:2   | Reached skill level 5 in Dodging
 10168 | Lair:2   | Reached skill level 5 in Fighting
 10450 | Lair:3   | Identified the +9 quarterstaff "Conservator" {venom, +Blink
                  | rCorr Dex+3}
 10861 | Lair:4   | Reached **** piety under Makhleb
 11144 | Lair:4   | Found a hole to the Spider Nest.
 11239 | Lair:4   | Noticed a boulder beetle
 11250 | Lair:4   | Killed a boulder beetle
 11304 | Lair:4   | Noticed Rupert
 11332 | Lair:4   | Mangled by a cane toad

Illustrated notes

Levels and vault maps discovered:
D:1:      matt_arrival_spirals, layout_basic,
          hellmonk_ecumenical_altar_crossroads
D:2:      layout_rooms
D:3:      layout_basic, serial_shops, nicolae_shop_window_shopping
D:4:      layout_gridville
D:5:      layout_rooms
D:6:      layout_loops_cross, grunt_temple_overflow_magic_moments, temple_hall,
          serial_shops, shop, gammafunk_ghost_grave, grunt_ministairs_8,
          minmay_stone_trees_small, kennysheep_another_room
D:7:      minmay_spotlight, layout_basic, nrook_mini_vaults, grunt_ministairs_3,
          uniq_crazy_yiuf_cottage, uniq_menkaure, uniq_pikel
D:8:      layout_basic, kennysheep_boxes
D:9:      layout_loops_ring, general_overflow_altar, jmf_multi_god_temple2,
          minmay_lair_entry_grove, orc_0_dummy, serial_shops,
          nicolae_take_the_stairs, lemuel_old_faithful
Temple:   eino_wide_crystal_templ
Lair:1:   statuecave_lemuel, layout_loops_ring, nicolae_quartered_pool_impasse
Lair:2:   layout_small_grid, shoals_dummy_entry,
          nicolae_lair_run_with_the_wolves
Lair:3:   layout_regular_city, nicolae_volcano_entry_batcave
Lair:4:   layout_concentric_octagons, nicolae_spider_entry_tight_spaces,
          uniq_rupert

Skill      XL: |  1  2  3  4  5  6  7  8  9 10 11 12 |
---------------+-------------------------------------+-----
Ranged Weapons | 5 6 7 8 9 11 14 16 18 | 18.0
Dodging        | 4 7 |  7.8
Fighting       | 4 7 |  7.4
Stealth        | |  1.1

Action                   |  1- 3 |  4- 6 |  7- 9 | 10-12 || total
-------------------------+-------+-------+-------+-------++-------
 Fire: Shortbow          |   109 |   166 |   110 |       ||   385
       Arbalest          |       |       |   151 |   526 ||   677
  Use: Scroll            |       |    16 |     5 |     5 ||    26
       Potion            |       |       |       |     9 ||     9
Armor: Leather armour    |    25 |    43 |    20 |       ||    88
       Acid dragon scale |       |       |    41 |   170 ||   211
Dodge: Dodged            |    54 |    50 |    78 |   288 ||   470

Table legend: (Time is in decaauts)
 A = Elapsed time spent in this place.
 B = Non-inter-level travel time spent in this place.
 C = Inter-level travel time spent in this place.
 D = Time resting spent in this place.
 E = Time spent auto-exploring this place.
 F = Levels seen in this place.
 G = Mean time per level.
                   A        B        C        D        E       F      G
               +--------+--------+--------+--------+--------+-----+--------+
         Total |  11484 |  11067 |    417 |   2106 |   6848 |  14 |  820.3 |
       Dungeon |   7822 |   7513 |    309 |   1557 |   4457 |   9 |  869.1 |
        Temple |     55 |     48 |      7 |      0 |     32 |   1 |   55.0 |
          Lair |   3607 |   3507 |    100 |    548 |   2359 |   4 |  901.8 |
               +--------+--------+--------+--------+--------+-----+--------+

Top non-repeatable levels by time:
  Lair:2: 1225 daAuts
     D:7: 1224 daAuts
     D:9: 1130 daAuts
     D:4: 1070 daAuts
     D:8: 920 daAuts
  Lair:3: 913 daAuts
  Lair:1: 905 daAuts
     D:6: 901 daAuts
     D:1: 847 daAuts
     D:5: 739 daAuts
  Lair:4: 563 daAuts
     D:2: 535 daAuts
     D:3: 453 daAuts
  Temple: 55 daAuts
